 Dungeon Crawl Stone Soup version 0.27.1-35-g4d5d836560 (webtiles) character file.

Game seed: 6817953524690769887

69 SomeSinner the Grave Robber (level 4, -10/35 HPs)
             Began as a Hill Orc Necromancer on Dec 24, 2021.
             Mangled by an ogre (29 damage)
             ... on level 3 of the Dungeon on Apr 14, 2022.
             The game lasted 00:24:06 (2784 turns).

SomeSinner the Grave Robber (Hill Orc Necromancer)  Turns: 2784, Time: 00:24:06

Health: -10/35     AC:  7    Str: 10    XL:     4   Next: 20%
Magic:  7/7        EV: 23    Int: 16    God:
Gold:   119        SH:  0    Dex: 11    Spells: 0/7 levels left

rFire    . . .     SeeInvis .   d - +0 short sword
rCold    . . .     Faith    .   (no shield)
rNeg     . . .     Spirit   .   k - +1 scale mail
rPois    .         Reflect  .   (no helmet)
rElec    .         Harm     .   (no cloak)
rCorr    .         Rampage  .   (no gloves)
Will     .....                  (no boots)
Stlth    ..........             e - amulet of the acrobat
HPRegen  0.11/turn              (no ring)
MPRegen  0.10/turn              (no ring)

@: acrobatic
A: no striking features
a: no special abilities


You were on level 3 of the Dungeon.
You visited 1 branch of the dungeon, and saw 3 of its levels.

You collected 119 gold pieces.

Inventory:

Hand Weapons
 b - a +0 whip
 d - a +0 short sword (weapon)
 f - a +0 dagger
 i - a +0 hand axe
Missiles
 c - 55 stones (quivered)
Armour
 a - a +0 robe
 k - a +1 scale mail (worn)
Jewellery
 e - an amulet of the acrobat (around neck)
Potions
 g - a potion of attraction {unknown}
 h - 3 potions of berserk rage {unknown}
 m - a potion of flight {unknown}


   Skills:
 * Level 1.0 Fighting
 + Level 0.6 Short Blades
 + Level 1.8 Dodging
 - Level 1.9 Stealth
 * Level 2.1 Spellcasting
 * Level 4.7 Necromancy


You couldn't memorise any spells.
You knew the following spells:

 Your Spells              Type           Power      Damage    Failure   Level
a - Pain                  Necr           64%        1d7       22%         1
b - Animate Skeleton      Necr           32%        N/A       22%         1
c - Corpse Rot            Necr/Air       N/A        N/A       65%         2
d - Vampiric Draining     Necr           8%         2d7       54%         3

Your spell library contained the following spells:

 Spells                   Type           Power      Damage    Failure   Level
 Sublimation of Blood     Necr           8%         N/A       32%         2
 Animate Dead             Necr           8%         N/A       91%         4
 Poisonous Vapours        Pois/Air       2%         N/A       92%         2
 Wereblood                Tmut           1%         N/A       92%         2
 Ozocubu's Armour         Ice            1%         N/A       99%         3
 Agony                    Necr           16%        N/A       99%         5
 Freezing Cloud           Conj/Ice/Air   0%         6-21      100%        5
 Metabolic Englaciation   Hex/Ice        0%         N/A       100%        5
 Simulacrum               Ice/Necr       4%         N/A       100%        6
 Summon Hydra             Summ           0%         N/A       100%        7


Dungeon Overview and Level Annotations

Branches:
Dungeon (3/15)

Altars:
Cheibriados


Message History

You are very lightly contaminated with residual magic.
Nothing appears to happen.
The quokka bites you but does no damage.
Casting: Pain (safe; 22% risk of failure)
Confirm with . or Enter, or press ? or * to list all spells.
Aiming: Pain (safe; 22% risk of failure)
Press: ? - help, Shift-Dir - straight line, f/p - quokka
Aim: a quokka (chance to affect: 87%)
The quokka writhes in agony.
The quokka barely misses you. x2
You closely miss the quokka. The quokka closely misses you.
You hit the quokka.
The quokka is severely wounded.
The quokka bites you but does no damage.
Sorry, you're not good enough to have a special ability.
Casting: Pain (safe; 22% risk of failure)
Confirm with . or Enter, or press ? or * to list all spells.
Aiming: Pain (safe; 22% risk of failure)
Press: ? - help, Shift-Dir - straight line, f/p - quokka
Aim: a quokka (severely wounded, chance to affect: 87%)
The quokka writhes in agony.
You kill the quokka!
Your magical contamination has completely faded away.
Casting: Pain (safe; 22% risk of failure)
Confirm with . or Enter, or press ? or * to list all spells.
Aiming: Pain (safe; 22% risk of failure)
Press: ? - help, Shift-Dir - straight line, f - ogre
Aim: an ogre, wielding a +0 giant spiked club (chance to affect: 75%)
The ogre writhes in agony.
The ogre barely misses you.
You hit the ogre.
The ogre is lightly wounded.
The ogre hits you with a +0 giant spiked club!!
Ouch! That really hurt!
The ogre completely misses you. The ogre misses you. The ogre misses you.
There is an open door here.
The ogre misses you.
The ogre hits you with a +0 giant spiked club!!
Ouch! That really hurt!
You die...

#.# **#######.#
#.# #..........
#.# #.#######.#
#.# #.# #.# #.#
#.# #.# #.####.#
#.#
###.#.##.#######..
#.O.#.##..........
#@###.............
#.###.############
#.....# #######


You could see an ogre.

Vanquished Creatures
  2 adders (D:3)
  A dart slug (D:1)
  An orc (D:3)
  4 ball pythons
  2 bats
  4 endoplasms
  6 giant cockroaches
  2 goblins (D:2)
  3 hobgoblins
  2 jackals (D:1)
  4 quokkas
  A frilled lizard (D:3)
  4 kobolds
  5 rats
41 creatures vanquished.

Vanquished Creatures (collateral kills)
  An orc (D:3)
  A goblin (D:2)
2 creatures vanquished.

Grand Total: 43 creatures vanquished

Notes
Turn   | Place    | Note
-------+----------+-------------------------------------------
     0 | D:1      | SomeSinner the Hill Orc Necromancer began the quest for the
                  | Orb.
     0 | D:1      | Reached XP level 1. HP: 14/14 MP: 3/3
     9 | D:1      | Learned a level 1 spell: Animate Skeleton
    81 | D:1      | Reached XP level 2. HP: 13/20 MP: 1/4
   560 | D:1      | Learned a level 2 spell: Corpse Rot
   952 | D:1      | Reached XP level 3. HP: 22/26 MP: 2/5
  1737 | D:2      | Found a snail-covered altar of Cheibriados.
  2374 | D:3      | Reached XP level 4. HP: 16/34 MP: 3/7
  2384 | D:3      | Learned a level 3 spell: Vampiric Draining
  2617 | D:3      | Reached skill level 1 in Fighting
  2658 | D:3      | Upgraded the game from 0.27.1-33-g824d729ab1 to
                  | 0.27.1-35-g4d5d836560
  2722 | D:3      | Noticed an ogre
  2784 | D:3      | Mangled by an ogre

Illustrated notes

Levels and vault maps discovered:
D:1:      dpeg_arrival_short_road, layout_rooms
D:2:      layout_loops_ring, basic_altar, minmay_misc_feat_five,
          minmay_misc_feat_tiny
D:3:      layout_basic, basic_ecumenical_altar

Skill      XL: |  1  2  3  4 |
---------------+-------------+-----
Spellcasting   | 2 |  2.1
Fighting       | 1 |  1.0
Short Blades   | |  0.6
Dodging        | |  1.8
Stealth        | |  1.9
Necromancy     | |  4.7

Action                   |  1- 3 |  4- 6 || total
-------------------------+-------+-------++-------
Melee: Whip              |    24 |       ||    24
       Unarmed           |     1 |       ||     1
       Dagger            |    25 |       ||    25
       Short sword       |    52 |     3 ||    55
Throw: Stone             |    10 |       ||    10
 Cast: Pain              |    35 |     5 ||    40
       Animate Skeleton  |     6 |     1 ||     7
  Use: Scroll            |     5 |       ||     5
       Potion            |     2 |       ||     2
Armor: Robe              |    25 |       ||    25
       Scale mail        |    18 |     2 ||    20
Dodge: Dodged            |    81 |    10 ||    91
